 Dungeon Crawl Stone Soup version 0.21.1-1-g345015f (webtiles) character file.

100 Iko the Skirmisher (level 4, -1/49 HPs)
             Began as an Ogre Fighter on July 13, 2018.
             Slain by a hound skeleton (3 damage)
             ... on level 6 of the Dungeon.
             The game lasted 00:08:50 (854 turns).

Iko the Skirmisher (Ogre Fighter)                    Turns: 854, Time: 00:08:51

Health: -1/49      AC:  3    Str: 25    XL:     4   Next: 74%
Magic:  4/4        EV:  9    Int:  9    God:
Gold:   72         SH:  9    Dex: 15    Spells: 3/3 levels left

rFire    . . .     SeeInvis .   a - +0 war axe
rCold    . . .     Gourm    .   c - +0 shield
rNeg     . . .     Faith    .   b - +0 robe
rPois    .         Spirit   .   (helmet restricted)
rElec    .         Reflect  .   (no cloak)
rCorr    .         Harm     .   (gloves unavailable)
MR       .....                  (boots unavailable)
Stlth    +.........             (no amulet)
HPRegen  0.16/turn              j - +5 ring of strength
MPRegen  0.09/turn              i - +6 ring of dexterity

@: very slightly contaminated, slowed, very slow
A: large, unfitting armour, tough skin 1
a: no special abilities


You were on level 6 of the Dungeon.
You were not hungry.

You visited 1 branch of the dungeon, and saw 5 of its levels.

You collected 72 gold pieces.

Inventory:

Hand Weapons
 a - a +0 war axe (weapon)
Missiles
 g - 4 tomahawks (quivered)
Armour
 b - a +0 robe (worn)
 c - a +0 shield (worn)
Jewellery
 i - a +6 ring of dexterity (right hand)
 j - a +5 ring of strength (left hand)
Potions
 d - a potion of might
Comestibles
 f - 4 rations


   Skills:
 + Level 4.7 Fighting
 + Level 2.7 Axes
 + Level 3.4 Dodging
 + Level 3.4 Shields


You had 3 spell levels left.
You didn't know any spells.

Dungeon Overview and Level Annotations

Branches:
Dungeon (6/15)
 Temple: D:4-7

Altars:


Innate Abilities, Weirdness & Mutations

You are too large for most types of armour.
You have tough skin. (AC +1)


Message History

A worker ant comes into view.
Blink to where?
Press: ? - help, Dir - move target cursor
As you read the scroll of blinking, it crumbles to dust.
Found 21 gold pieces.
You see here 21 gold pieces.
A scorpion comes into view.
You block the hound skeleton's attack.
You barely miss the hound skeleton. The hound skeleton bites you.
* * * LOW HITPOINT WARNING * * *
The hound skeleton bites you.
* * * LOW HITPOINT WARNING * * *
You barely miss the hound skeleton. You block the hound skeleton's attack.
The hound skeleton bites you.
* * * LOW HITPOINT WARNING * * *
The hound skeleton bites you but does no damage.
You slash the hound skeleton!
The hound skeleton is moderately damaged.
You block the hound skeleton's attack. The hound skeleton bites you.
You die...

.........Z.#....
...
#...##...Y......
...# ..#
##...#.##.##..... .
..(.............
#....#.##.#
..#[##.##o# ####ยง#
#Yo# #.# #Z## .
###.# #@# ..
##.#.##.#.# ..
##.........#
.##.###..........#
.....<.....####....
.##.###.#.## #...#
.. ....... ..s.# ##
######### #.#.#


You could see an ice beast, a scorpion (sleeping), an orc wizard, an orc and a
hound skeleton.

Vanquished Creatures
  An orc wizard (D:4)
  4 gnolls (D:2)
  A worm (D:2)
  A leopard gecko (D:1)
  3 orcs (D:4)
  3 ball pythons
  3 goblins
  3 hobgoblins
  3 jackals (D:1)
  2 bats
  A frilled lizard (D:1)
  A leopard gecko skeleton (D:6)
  2 rats (D:1)
28 creatures vanquished.

Vanquished Creatures (others)
  A fungus (D:5)
1 creature vanquished.

Grand Total: 29 creatures vanquished

Notes
Turn   | Place    | Note
-------+----------+-------------------------------------------
     0 | D:1      | Iko the Ogre Fighter began the quest for the Orb.
     0 | D:1      | Reached XP level 1. HP: 24/24 MP: 1/1
   190 | D:1      | Reached XP level 2. HP: 32/32 MP: 2/2
   550 | D:2      | Reached XP level 3. HP: 40/40 MP: 3/3
   563 | D:2      | Reached XP level 4. HP: 13/49 MP: 4/4
   651 | D:2      | You fall through a shaft for 2 floors!
   793 | D:5      | Entered Level 5 of the Dungeon
   794 | D:5      | Noticed an ogre
   832 | D:6      | Noticed an ice beast
   853 | D:6      | HP: 2/49 [hound skeleton (3)]
   854 | D:6      | Slain by a hound skeleton

Skill      XL: |  1  2 |
---------------+-------+-----
Shields        | 3 |  3.4
Dodging        | 3 |  3.4
Fighting       | |  4.7
Axes           | |  2.7

Action                   |  1- 3 |  4- 6 || total
-------------------------+-------+-------++-------
Melee: War axe           |    44 |    27 ||    71
Throw: Tomahawk          |       |     5 ||     5
  Use: Scroll            |     4 |     2 ||     6
       Potion            |     1 |     2 ||     3
Armor: Robe              |    13 |     4 ||    17
Dodge: Dodged            |    16 |     4 ||    20
Block: Shield            |    17 |    18 ||    35
